 Dungeon Crawl Stone Soup version 0.31-a0-1612-g4aaf141004 (webtiles) character file.

Game seed: 1760009373679848547

127 whatisthis the Chopper (level 5, 0/47 HPs)
             Began as a Hill Orc Monk on Jan 10, 2024.
             Succumbed to Terence's curare-tipped dart
             ... on level 3 of the Dungeon.
             The game lasted 00:06:08 (2569 turns).

whatisthis the Chopper (Hill Orc Monk)              Turns: 2569, Time: 00:06:09

Health: 0/47       AC:  5    Str: 16    XL:     5   Next: 11%
Magic:  5/5        EV: 11    Int: 10    God:
Gold:   204        SH:  0    Dex: 13    Spells: 4/4 levels left

rFire   . . .        m - +0 war axe
rCold   . . .        d - orb {light}
rNeg    . . .        i - +0 ring mail
rPois   .            (no helmet)
rElec   .            (no cloak)
rCorr   .            (no gloves)
SInv    .            (no boots)
Will    .....        (no amulet)
Stlth   +            (no ring)
HPRegen 0.27/turn    (no ring)
MPRegen 0.09/turn

%: no passive effects
@: lethally poisoned (0 -> -3), slowed, glowing, very slow
A: no striking features
a: no special abilities


You were on level 3 of the Dungeon.
You visited 1 branch of the dungeon, and saw 3 of its levels.

You collected 204 gold pieces.

Inventory:

Hand Weapons
 m - a +0 war axe (weapon)
 o - a +0 dagger of venom
Missiles
 a - a poisoned dart
 e - 2 javelins (quivered)
Armour
 d - an orb of light (worn)
 i - a +0 ring mail (worn)
 n - a +0 chain mail
Scrolls
 b - a scroll of fog {unknown}
 f - a scroll of butterflies {unknown}
 h - 5 scrolls of immolation
 k - a scroll of revelation {unknown}
Potions
 c - a potion of ambrosia
 g - a potion of attraction {unknown}
 j - 3 potions of enlightenment {unknown}
 l - a potion of curing {unknown}


   Skills:
 + Level 4.9 Fighting
 + Level 5.3 Axes
 + Level 0.3 Armour
 - Level 3.2 Dodging


You had 4 spell levels left.
You didn't know any spells.
Your spell library contained the following spells:

 Spells                   Type           Power      Damage    Failure   Level
 Lesser Beckoning         Tloc           0%         N/A       73%         2
 Gell's Gravitas          Tloc           0%         N/A       91%         3
 Hailstorm                Conj/Ice       0%         3d5       91%         3
 Summon Ice Beast         Ice/Summ       0%         N/A       91%         3
 Teleport Other           Tloc           0%         N/A       91%         3
 Sculpt Simulacrum        Ice/Alch       0%         N/A       100%        6


Dungeon Overview and Level Annotations

Branches:
Dungeon (3/15)

Altars:
Ashenzari

Shops:
D:1 !(

Annotations:
D:3 Terence


Message History

You see here a stone.
Done exploring.
Done exploring.
There is a stone staircase leading down here.
You climb downwards.
Level annotation: Terence
There is a stone staircase leading up here.
Found a stone staircase leading down.
You now have 204 gold pieces (gained 9).
Found a whip.
Found a stone staircase leading up.
Terence is nearby!
Terence throws a curare-tipped dart.
The curare-tipped dart hits you.
You are poisoned.
You have difficulty breathing.
You feel yourself slow down.
You feel very sick.
Terence zaps a wand.
The puff of flame misses you.
Terence throws a curare-tipped dart.
The curare-tipped dart closely misses you.
You feel sick.
Terence zaps a wand.
The puff of flame misses you.
You feel sick.
You feel sick.
You feel sick.
You are no longer poisoned.
Terence screams, "I want your blood!"
Terence bares his teeth.
Terence throws a curare-tipped dart.
The curare-tipped dart hits you.
You are poisoned.
You have difficulty breathing.
You feel as though you will be slow longer.
You feel very sick.
Terence zaps a wand.
The puff of flame hits you.
You feel very sick.
Terence zaps a wand.
The puff of flame hits you.
You feel sick.
Terence says, "Rest in peace."
Terence zaps a wand.
The puff of flame hits you.
* * * LOW HITPOINT WARNING * * *
You feel sick.
Terence zaps a wand.
The puff of flame hits you!
* * * LOW HITPOINT WARNING * * *
You die...

####### #......
###########################......
.........@......@................
##.######################........
##..####### ####.........##
##..<....# #..†.........#
#..)...... ##.##[........#
#......... ####.....###.#####
#.........###.....###....######
......@........#..###.#####....
.!######.....##.....##.# #....


You could see Terence.

Vanquished Creatures
  3 gnolls
  2 adders (D:2)
  A shadow imp (D:3)
  5 dart slugs
  An orc (D:3)
  5 ball pythons
  4 bats
  8 endoplasms
  3 giant cockroaches
  6 hobgoblins
  A quokka (D:1)
  10 goblins
  6 kobolds
  3 rats
58 creatures vanquished.

Notes
Turn   | Place    | Note
-------+----------+-------------------------------------------
     0 | D:1      | whatisthis the Hill Orc Monk began the quest for the Orb.
     0 | D:1      | Reached XP level 1. HP: 19/19 MP: 1/1
   189 | D:1      | Reached XP level 2. HP: 27/27 MP: 2/2
   239 | D:1      | Found Zaavar's Distillery.
   435 | D:1      | Found a faded altar of an unknown god.
   498 | D:1      | Found Yrphaqeu's Weapon Emporium.
   620 | D:1      | Reached XP level 3. HP: 30/33 MP: 3/3
  1076 | D:2      | Reached XP level 4. HP: 37/41 MP: 4/4
  1499 | D:3      | Noticed Terence
  1595 | D:3      | Reached skill level 5 in Axes
  2196 | D:2      | Found a broken altar of Ashenzari.
  2220 | D:2      | Reached XP level 5. HP: 47/47 MP: 5/5
  2568 | D:3      | HP: 1/47 [Terence/puff of flame (7)]
  2569 | D:3      | Succumbed to Terence's curare-tipped dart

Illustrated notes

Levels and vault maps discovered:
D:1:      roderic_chinese_lattice_arrival, layout_loops_ring,
          hellmonk_ecumenical_altar_blasted, serial_shops, shop,
          nicolae_shop_tiny_real_fake_doors
D:2:      layout_loops_ring, basic_altar, minmay_indecisive_spiral
D:3:      cheibrodos_greedy_goblins, layout_rooms, minmay_puff, uniq_terence

Skill      XL: |  1  2  3  4 |
---------------+-------------+-----
Fighting       | 4 |  4.9
Dodging        | 3 |  3.2
Axes           | 5 |  5.3
Armour         | |  0.3

Action                     |  1- 3 |  4- 6 || total
---------------------------+-------+-------++-------
  Melee: Hand axe          |   100 |    34 ||   134
         War axe           |       |    55 ||    55
         Dagger            |       |     3 ||     3
  Throw: Dart              |       |     2 ||     2
 Armour: Robe              |    43 |     9 ||    52
         Ring mail         |       |    52 ||    52
  Dodge: Dodged            |    51 |    82 ||   133

Table legend: (Time is in decaauts)
 A = Elapsed time spent in this place.
 B = Non-inter-level travel time spent in this place.
 C = Inter-level travel time spent in this place.
 D = Time resting spent in this place.
 E = Time spent auto-exploring this place.
 F = Levels seen in this place.
 G = Mean time per level.
                   A        B        C        D        E       F      G
               +--------+--------+--------+--------+--------+-----+--------+
         Total |   2606 |   2525 |     81 |    292 |   1437 |   3 |  868.7 |
       Dungeon |   2606 |   2525 |     81 |    292 |   1437 |   3 |  868.7 |
               +--------+--------+--------+--------+--------+-----+--------+

Top non-repeatable levels by time:
     D:2: 987 daAuts
     D:1: 915 daAuts
     D:3: 703 daAuts
